 Dungeon Crawl Stone Soup version 0.28-a0-1510-gd0f6b136d3 (webtiles) character file.

Game seed: 7556241053024487851

1030 sanka the Ruffian (level 8, -11/67 HPs)
             Began as a Gnoll Cinder Acolyte on Jan 15, 2022.
             Was a High Priest of Ignis.
             Mangled by a two-headed ogre (16 damage)
             ... on level 6 of the Dungeon.
             The game lasted 00:07:15 (7453 turns).

sanka the Ruffian (Gnoll Cinder Acolyte)            Turns: 7453, Time: 00:07:15

Health: -11/67     AC:  7    Str: 14    XL:     8   Next: 23%
Magic:  2/14       EV: 12    Int: 16    God:    Ignis [*****.]
Gold:   230        SH:  0    Dex:  7    Spells: 13/15 levels left

rFire   + . .      SeeInvis .     - Unarmed
rCold   . . .      Faith    .   (no shield)
rNeg    . . .      Spirit   .   s - +0 steam dragon scales
rPois   .          Reflect  .   (no helmet)
rElec   .          Harm     .   b - +0 cloak
rCorr   .          Rampage  .   r - +0 pair of gloves
Will    .....                   (no boots)
Stlth   ++........              (no amulet)
HPRegen 0.21/turn               (no ring)
MPRegen 0.14/turn               k - ring of flight

@: flying
A: fangs 1, strong nose, distributed training
a: Renounce Religion, Fiery Armour, Foxfire Swarm, Rising Flame


You were on level 6 of the Dungeon.
You worshipped Ignis.
Ignis was extremely pleased with you.
You visited 2 branches of the dungeon, and saw 7 of its levels.

You collected 230 gold pieces.


Innate Abilities, Weirdness & Mutations

You have very sharp teeth.
Your uncanny sense of smell can sniff out nearby items.
Your experience applies equally to all skills.


   Skills:
 + Level 7.3 Fighting
 + Level 3.1 Short Blades
 + Level 3.1 Long Blades
 + Level 3.1 Axes
 + Level 3.1 Maces & Flails
 + Level 3.1 Polearms
 + Level 3.1 Staves
 + Level 3.1 Slings
 + Level 3.1 Bows
 + Level 3.1 Crossbows
 + Level 3.1 Throwing
 + Level 3.1 Armour
 + Level 3.1 Dodging
 + Level 3.1 Stealth
 + Level 3.1 Shields
 + Level 7.3 Unarmed Combat
 + Level 4.2 Spellcasting
 + Level 2.5 Conjurations
 + Level 2.5 Hexes
 + Level 2.5 Summonings
 + Level 2.5 Necromancy
 + Level 2.5 Translocations
 + Level 2.5 Transmutations
 + Level 6.0 Fire Magic
 + Level 2.5 Ice Magic
 + Level 2.5 Air Magic
 + Level 2.5 Earth Magic
 + Level 2.5 Poison Magic
 + Level 3.4 Invocations
 + Level 3.1 Evocations


You had 13 spell levels left.
You knew the following spells:

 Your Spells              Type           Power      Damage    Failure   Level
y - Scorch                Fire           44%        2d7       1%          2

Your spell library contained the following spells:

 Spells                   Type           Power      Damage    Failure   Level
 Static Discharge         Conj/Air       11%        N/A       9%          2
 Sticky Flame             Conj/Fire      17%        2d4       28%         4
 Dispel Undead            Necr           11%        3d9       52%         4

Inventory:

Armour
 b - a +0 cloak (worn)
 r - a +0 pair of gloves (worn)
 s - +0 steam dragon scales (worn)
Jewellery
 k - a ring of flight (right hand)
 l - a ring of ice
Wands
 p - a wand of digging (1)
Scrolls
 a - a scroll of vulnerability {!r}
 c - a scroll of torment {unknown}
 d - a scroll of teleportation {@r4}
 f - a scroll of enchant armour {unknown}
 h - a scroll of summoning {unknown}
 j - a scroll of fog {unknown}
Potions
 e - a potion of flight {unknown}
 g - 2 potions of brilliance
 i - a potion of attraction {unknown}
 m - a potion of invisibility {unknown}
 o - a potion of might {unknown}
 q - a potion of haste {unknown}

Dungeon Overview and Level Annotations

Branches:
Dungeon (6/15)             Temple (1/1) D:5

Altars:
Ashenzari
Cheibriados
Dithmenos
Elyvilon
Fedhas
Gozag
Makhleb
Nemelex Xobeh
Qazlal
Ru
Sif Muna
Trog
Uskayaw
Vehumet
Wu Jian
Xom
Yredelemnul
Zin
The Shining One

................▒
[...............▒
▒▒+▒▒▒+▒▒..▒▒...▒ ∆
▒▒▒'▒▒...▒▒▒▒▒▒▒
▒..............▒
▒..............▒
▒..............▒
▒.......O......▒
▒▒▒▒▒▒▒▒▒g.▒▒▒▒▒ ▒▒▒
▒▒..▒▒▒▒▒▒▒▒▒▒.▒▒
∆▒.....▒.........▒
▒.....▒.........▒
▒.....▒.........▒
▒.....'.>.......▒
▒▒▒▒▒▒▒▒.▒▒▒▒▒.>▒
.▒▒▒▒...▒▒▒▒▒▒▒.▒▒▒▒
.......<▒........▒


You could see a two-headed ogre (combustible).


Message History

Magic restored.
The wight closely misses you. The wight closely misses you.
Found a pair of gloves.
There is an open door here.
Flames lash the two-headed ogre.
The two-headed ogre is lightly wounded.
The two-headed ogre's fire resistance burns away.
Flames lash the two-headed ogre.
The two-headed ogre is burned terribly!
The two-headed ogre is moderately wounded.
Flames lash the two-headed ogre but do no damage.
The two-headed ogre hits you with a +0 giant club!
The two-headed ogre barely misses you.
Flames lash the two-headed ogre.
The two-headed ogre is burned terribly!
The two-headed ogre is heavily wounded.
Flames lash the two-headed ogre.
The two-headed ogre is burned terribly!
The two-headed ogre is severely wounded.
The two-headed ogre hits you with a +0 giant club!!
* * * LOW HITPOINT WARNING * * *
The two-headed ogre hits you with a +0 giant spiked club!!
* * * LOW HITPOINT WARNING * * *
Flames lash the two-headed ogre.
The two-headed ogre is burned terribly!
The two-headed ogre is almost dead.
The two-headed ogre misses you.
The two-headed ogre hits you with a +0 giant spiked club!
You die...

Action                   |  1- 3 |  4- 6 |  7- 9 || total
-------------------------+-------+-------+-------++-------
Melee: Unarmed           |    40 |    20 |     9 ||    69
       Bite              |     1 |     2 |     2 ||     5
       Punch             |       |     1 |       ||     1
 Cast: Scorch            |    37 |    51 |    38 ||   126
  Use: Scroll            |       |       |     4 ||     4
       Potion            |       |       |     1 ||     1
Armor: Robe              |    13 |    14 |       ||    27
       Steam dragon scal |       |     1 |    12 ||    13
Dodge: Dodged            |    21 |    20 |    23 ||    64

Levels and vault maps discovered:
D:1:      minmay_arrival_shattered_statue, layout_loops_ring,
          chequers_ecumenical_altar_grove, minmay_bisected
D:2:      layout_basic, minmay_splitting_lines
D:3:      layout_loops_ring, pdpol_temple_overflow_zin_treasury_gozag_greed,
          grunt_temple_overflow_open, uniq_terence
D:4:      layout_basic, amcnicky_mini_rare_corridor_liquid
D:5:      layout_basic, minmay_temple_entry_junction, uniq_prince_ribbit1
D:6:      layout_gridville, nicolae_overflow_quartered_altars
Temple:   oiseaux_autumnal_temple

Notes
Turn   | Place    | Note
-------+----------+-------------------------------------------
     0 | D:1      | sanka the Gnoll Cinder Acolyte began the quest for the Orb.
     0 | D:1      | Reached XP level 1. HP: 23/23 MP: 4/4
   332 | D:1      | Reached XP level 2. HP: 29/29 MP: 5/5
   335 | D:1      | Learned a level 2 spell: Scorch
   820 | D:1      | Reached XP level 3. HP: 35/35 MP: 4/7
  1157 | D:1      | Found a faded altar of an unknown god.
  1503 | D:2      | Reached skill level 1 in Invocations
  2086 | D:2      | Reached skill level 1 in Short Blades
  2086 | D:2      | Reached skill level 1 in Long Blades
  2086 | D:2      | Reached skill level 1 in Axes
  2086 | D:2      | Reached skill level 1 in Maces & Flails
  2086 | D:2      | Reached skill level 1 in Polearms
  2086 | D:2      | Reached skill level 1 in Staves
  2086 | D:2      | Reached skill level 1 in Slings
  2086 | D:2      | Reached skill level 1 in Bows
  2086 | D:2      | Reached skill level 1 in Crossbows
  2086 | D:2      | Reached skill level 1 in Throwing
  2086 | D:2      | Reached skill level 1 in Armour
  2086 | D:2      | Reached skill level 1 in Dodging
  2086 | D:2      | Reached skill level 1 in Stealth
  2086 | D:2      | Reached skill level 1 in Shields
  2086 | D:2      | Reached skill level 1 in Evocations
  2252 | D:2      | Reached XP level 4. HP: 39/41 MP: 3/8
  2651 | D:3      | Reached skill level 3 in Spellcasting
  2657 | D:3      | Noticed Terence
  2672 | D:3      | Killed Terence
  2673 | D:3      | Reached skill level 1 in Conjurations
  2673 | D:3      | Reached skill level 1 in Hexes
  2673 | D:3      | Reached skill level 1 in Summonings
  2673 | D:3      | Reached skill level 1 in Necromancy
  2673 | D:3      | Reached skill level 1 in Translocations
  2673 | D:3      | Reached skill level 1 in Transmutations
  2673 | D:3      | Reached skill level 1 in Ice Magic
  2673 | D:3      | Reached skill level 1 in Air Magic
  2673 | D:3      | Reached skill level 1 in Earth Magic
  2673 | D:3      | Reached skill level 1 in Poison Magic
  3153 | D:3      | Found a bloodstained altar of Trog.
  3455 | D:1      | Reached XP level 5. HP: 40/47 MP: 2/9
  3727 | D:3      | Found a broken altar of Ashenzari.
  4045 | D:3      | Found a glowing silver altar of Zin.
  4070 | D:3      | Found an opulent altar of Gozag.
  4555 | D:4      | Noticed a phantom
  4568 | D:4      | Killed a phantom
  4569 | D:4      | Reached skill level 2 in Invocations
  4569 | D:4      | Reached XP level 6. HP: 29/53 MP: 0/11
  4839 | D:4      | Identified +0 steam dragon scales
  5309 | D:5      | Entered Level 5 of the Dungeon
  5349 | D:5      | Reached skill level 2 in Short Blades
  5349 | D:5      | Reached skill level 2 in Long Blades
  5349 | D:5      | Reached skill level 2 in Axes
  5349 | D:5      | Reached skill level 2 in Maces & Flails
  5349 | D:5      | Reached skill level 2 in Polearms
  5349 | D:5      | Reached skill level 2 in Staves
  5349 | D:5      | Reached skill level 2 in Slings
  5349 | D:5      | Reached skill level 2 in Bows
  5349 | D:5      | Reached skill level 2 in Crossbows
  5349 | D:5      | Reached skill level 2 in Throwing
  5349 | D:5      | Reached skill level 2 in Armour
  5349 | D:5      | Reached skill level 2 in Dodging
  5349 | D:5      | Reached skill level 2 in Stealth
  5349 | D:5      | Reached skill level 2 in Shields
  5349 | D:5      | Reached skill level 2 in Evocations
  5613 | D:5      | Found a staircase to the Ecumenical Temple.
  5623 | D:5      | Noticed Prince Ribbit
  5645 | D:5      | Killed Prince Ribbit
  5646 | D:5      | Reached skill level 7 in Fighting
  5646 | D:5      | Reached skill level 7 in Unarmed Combat
  5646 | D:5      | Reached skill level 2 in Conjurations
  5646 | D:5      | Reached skill level 2 in Hexes
  5646 | D:5      | Reached skill level 2 in Summonings
  5646 | D:5      | Reached skill level 2 in Necromancy
  5646 | D:5      | Reached skill level 2 in Translocations
  5646 | D:5      | Reached skill level 2 in Transmutations
  5646 | D:5      | Reached skill level 2 in Ice Magic
  5646 | D:5      | Reached skill level 2 in Air Magic
  5646 | D:5      | Reached skill level 2 in Earth Magic
  5646 | D:5      | Reached skill level 2 in Poison Magic
  5646 | D:5      | Reached XP level 7. HP: 48/60 MP: 2/12
  6023 | D:5      | Reached skill level 3 in Invocations
  6098 | D:5      | Reached skill level 4 in Spellcasting
  6658 | Temple   | Entered the Ecumenical Temple
  6951 | D:6      | Reached skill level 6 in Fire Magic
  6951 | D:6      | Reached XP level 8. HP: 31/67 MP: 5/14
  7214 | D:6      | Reached skill level 3 in Short Blades
  7214 | D:6      | Reached skill level 3 in Long Blades
  7214 | D:6      | Reached skill level 3 in Axes
  7214 | D:6      | Reached skill level 3 in Maces & Flails
  7214 | D:6      | Reached skill level 3 in Polearms
  7214 | D:6      | Reached skill level 3 in Staves
  7214 | D:6      | Reached skill level 3 in Slings
  7214 | D:6      | Reached skill level 3 in Bows
  7214 | D:6      | Reached skill level 3 in Crossbows
  7214 | D:6      | Reached skill level 3 in Throwing
  7214 | D:6      | Reached skill level 3 in Armour
  7214 | D:6      | Reached skill level 3 in Dodging
  7214 | D:6      | Reached skill level 3 in Stealth
  7214 | D:6      | Reached skill level 3 in Shields
  7214 | D:6      | Reached skill level 3 in Evocations
  7285 | D:6      | Noticed a two-headed ogre
  7330 | D:6      | Found a white marble altar of Elyvilon.
  7346 | D:6      | Found a snail-covered altar of Cheibriados.
  7452 | D:6      | HP: 4/67 [two-headed ogre (28)]
  7453 | D:6      | Mangled by a two-headed ogre

Vanquished Creatures
  Prince Ribbit (D:5)
  A sky beast (D:6)
  A necrophage (D:6)
  2 centaurs (D:5)
  A phantom (D:4)
  A scorpion (D:5)
  2 hounds
  A bullfrog skeleton (D:5)
  Terence (D:3)
  2 iguanas (D:5)
  2 orc wizards
  A hound skeleton (D:4)
  A howler monkey zombie (D:5)
  5 adders
  2 white imps
  An ufetubus (D:4)
  2 worms
  2 dart slugs
  5 orcs
  4 bats (D:1)
  11 endoplasms
  2 giant cockroaches
  4 goblins
  7 hobgoblins
  5 kobolds
  4 quokkas
  5 ball pythons
  2 frilled lizards
  2 rats
80 creatures vanquished.
